 Dungeon Crawl Stone Soup version 0.31.0-11-ge490571c62 (webtiles) character file.

Game seed: 6519581196331142479

399 qw the Shooter (level 6, -3/30 HPs)
             Began as a Spriggan Hunter on Feb 3, 2024.
             Slain by Eustachio
             ... wielding a +0 rapier
              (10 damage)
             ... on level 4 of the Dungeon.
             The game lasted 00:00:12 (2982 turns).

qw the Shooter (Spriggan Hunter)                    Turns: 2982, Time: 00:00:13

Health: -3/30      AC:  2    Str:  7      XL:     6   Next: 54%
Magic:  7/7        EV: 20    Int: 10      God:
Gold:   188        SH:  0    Dex: 17 (21) Spells: 5/5 levels left

rFire   . . .        a - +0 shortbow
rCold   . . .        (shield currently unavailable)
rNeg    . . .        c - +0 robe
rPois   .            (helmet restricted)
rElec   .            (no cloak)
rCorr   .            (gloves unavailable)
SInv    +            (boots unavailable)
Will    +....        (no amulet)
Stlth   ++           (no ring)
HPRegen 0.25/turn    (no ring)
MPRegen 0.10/turn

%: no passive effects
@: very quick
A: very small, no large weapons, unfitting armour, see invisible, speed 3
a: no special abilities


You were on level 4 of the Dungeon.
You visited 1 branch of the dungeon, and saw 4 of its levels.

You collected 188 gold pieces.


Innate Abilities, Weirdness & Mutations

You are very small and have problems with some larger weapons.
You are too small for most types of armour.
You have supernaturally acute eyesight. (SInv)
You cover ground extremely quickly. (Speed+++)


   Skills:
 - Level 2.0 Fighting
 + Level 6.5 Ranged Weapons
 - Level 6.0 Dodging
 - Level 1.5 Stealth


You had 5 spell levels left.
You didn't know any spells.
Your spell library was empty.

Inventory:

Hand Weapons
 a - a +0 shortbow (weapon)
Armour
 c - a +0 robe (worn)
Jewellery
 j - a ring of fire
Potions
 b - a potion of curing {unknown}
 f - a potion of cancellation
 i - 3 potions of might

Dungeon Overview and Level Annotations

Branches:
Dungeon (4/15)
 Temple: D:4-7

Altars:
Sif Muna

Annotations:
D:4 2 transporters, Eustachio; qw's ghost, amateur SpHu


Message History

You shoot an arrow. The arrow hits the kobold.
You kill the kobold!
The bat misses you. The bat barely misses you.
You shoot an arrow. The arrow hits the bat.
The bat is severely wounded.
The bat barely misses you. The ufetubus completely misses you.
The ufetubus closely misses you.
You shoot an arrow. The arrow barely misses the ufetubus.
The ufetubus hits you but does no damage.
The ufetubus misses you.
You shoot an arrow. The arrow closely misses Eustachio.
Eustachio mumbles some strange words.
You shoot an arrow. The arrow closely misses Eustachio.
The ufetubus disappears in a puff of smoke!
Eustachio barely misses you.
You shoot an arrow.
The arrow hits Eustachio but does no damage.
Eustachio is almost dead.
Eustachio mumbles some strange words.
You shoot an arrow.
The arrow hits Eustachio but does no damage.
Eustachio is almost dead.
Eustachio hits you with a +0 rapier.
You shoot an arrow. The arrow closely misses Eustachio.
Eustachio casts a spell.
You shoot an arrow. The arrow barely misses Eustachio.
Eustachio completely misses you.
You shoot an arrow.
The arrow hits Eustachio but does no damage.
Eustachio is almost dead.
Eustachio barely misses you.
You shoot an arrow. The arrow hits Eustachio.
Eustachio is almost dead.
Eustachio closely misses you.
You shoot an arrow.
The arrow hits Eustachio but does no damage.
Eustachio is almost dead.
Eustachio hits you with a +0 rapier!
You die...
Eustachio says, "Such is the fate of all honourless rascals."

.#....#....^....#...
###.....#.##...##.#...
....#...#S##...##.#..#
........#WSg.....J#..#
#b...##8J....8##..#
###$...#########....
#@.¤5......^........
.....##@5......))....##
...# #@#.¤.....#.)####
.. #..##......))##
....###.......# ##....
#K..).### ##### #..)###
#.K..# #..)..# #.......
....####..


You could see Eustachio, qw's ghost, 2 ufetubi, an endoplasm, a goblin and 2
ball pythons.

Vanquished Creatures
  Sigmund (D:3)
  A howler monkey (D:4)
  Robin (D:4)
  4 gnolls (D:2)
  7 adders
  A ribbon worm (D:2)
  2 orcs
  4 ball pythons
  7 endoplasms
  3 giant cockroaches
  15 goblins
  8 hobgoblins
  3 jackals (D:1)
  9 kobolds
  3 quokkas
  6 bats
  3 frilled lizards
  3 rats
81 creatures vanquished.

Notes
Turn   | Place    | Note
-------+----------+-------------------------------------------
     0 | D:1      | qw the Spriggan Hunter began the quest for the Orb.
     0 | D:1      | Reached XP level 1. HP: 10/10 MP: 2/2
     0 | D:1      | 0 ||| qw: Version: 0.3-a-158-g18b3111
     0 | D:1      | 0 ||| qw: Game counter: 4184
     0 | D:1      | 0 ||| qw: Melee chars always use a shield: true
     0 | D:1      | 0 ||| qw: God list: Okawaru
     0 | D:1      | 0 ||| qw: Allow faded altars: false
     0 | D:1      | 0 ||| qw: Do Orc after clearing Dungeon:15 true
     0 | D:1      | 0 ||| qw: Do second Lair branch before Depths: true
     0 | D:1      | 0 ||| qw: Lair rune preference: random
     0 | D:1      | 0 ||| qw: Goals: Normal
     0 | D:1      | 0 ||| PLANNING D:1-11
    48 | D:1      | Reached skill level 3 in Dodging
   198 | D:1      | Reached XP level 2. HP: 14/14 MP: 3/3
   718 | D:1      | 718 ||| DROPPING amulet of magic regeneration.
   719 | D:1      | 719 ||| READING scroll labelled CEEJIJ HOLL.
   723 | D:1      | 723 ||| READING 2 scrolls labelled OTURHE COTEGOC.
   723 | D:1      | 723 ||| IDENTIFYING sapphire potion
   724 | D:1      | 724 ||| READING scroll of identify.
   724 | D:1      | 724 ||| IDENTIFYING grey potion
   725 | D:1      | 725 ||| READING 3 scrolls labelled NENUOG TUYDGH.
   726 | D:1      | 726 ||| DRINKING 4 golden potions.
   727 | D:1      | 727 ||| DROPPING scroll of butterflies.
   728 | D:1      | 728 ||| DROPPING 2 scrolls of amnesia.
   784 | D:2      | Reached XP level 3. HP: 18/18 MP: 4/4
   809 | D:2      | HP: 4/18 [adder (3)]
   810 | D:2      | 810 ||| DRINKING potion of heal wounds.
   823 | D:2      | Reached XP level 4. HP: 8/22 MP: 5/5
  1100 | D:2      | 1100 ||| FLEEEEING.
  1102 | D:2      | 1102 ||| FLEEEEING.
  1345 | D:2      | Found the +8 mithril axe "Arga" {speed, Will+}
  1499 | D:2      | Reached XP level 5. HP: 26/26 MP: 6/6
  1680 | D:2      | 1680 ||| READING scroll labelled QUVYSK QYVU.
  1681 | D:2      | 1681 ||| READING scroll labelled ZATIOR HUADYF.
  1682 | D:2      | 1682 ||| READING scroll labelled ULES LUGAUQYMP.
  1683 | D:2      | 1683 ||| READING scroll labelled QOUD ZAKIA.
  1834 | D:3      | Noticed Sigmund
  1849 | D:3      | 1849 ||| DRINKING bubbling silvery potion.
  1850 | D:3      | 1850 ||| DRINKING metallic cyan potion.
  1858 | D:3      | Killed Sigmund
  1859 | D:3      | Reached skill level 6 in Ranged Weapons
  1859 | D:3      | Reached XP level 6. HP: 8/30 MP: 7/7
  2331 | D:3      | Found a shimmering blue altar of Sif Muna.
  2655 | D:3      | 2655 ||| READING scroll labelled WUOHUIPHUI.
  2748 | D:4      | Found a transporter.
  2758 | D:4      | Noticed qw's ghost (amateur SpHu)
  2818 | D:4      | Found a transporter.
  2842 | D:4      | Noticed Robin
  2851 | D:4      | HP: 6/30 [goblin/+0 club[Robin] (3)]
  2852 | D:4      | 2852 ||| DRINKING potion of heal wounds.
  2853 | D:4      | Killed Robin
  2934 | D:4      | Noticed Eustachio
  2938 | D:4      | Reached skill level 6 in Dodging
  2947 | D:4      | HP: 5/30 [shadow imp[Eustachio] (3)]
  2950 | D:4      | 2950 ||| RETREEEEATING.
  2954 | D:4      | HP: 5/30 [shadow imp[Eustachio] (1)]
  2957 | D:4      | 2957 ||| RETREEEEATING.
  2958 | D:4      | 2958 ||| RETREEEEATING.
  2960 | D:4      | 2960 ||| RETREEEEATING.
  2977 | D:4      | HP: 6/30 [Eustachio/+0 rapier (5)]
  2982 | D:4      | Slain by Eustachio

Levels and vault maps discovered:
D:1:      nicolae_arrival_memento_mori, layout_loops_cross, minmay_heptomino_o4
D:2:      layout_basic
D:3:      layout_loops_ring, hellmonk_sif_muna_bookshelves,
          kennysheep_generic_room_6, uniq_sigmund
D:4:      layout_layer_cave, mainiacjoe_overflow_surrounded_room,
          mainiacjoe_overflow_paths, gammafunk_ghost_arena, st_stairs_10,
          grunt_decor_arrowhead, uniq_duvessa, uniq_edmund,
          uniq_crazy_yiuf_cottage, uniq_blork_the_orc, uniq_robin,
          uniq_eustachio

Skill      XL: |  1  2  3  4  5  6 |
---------------+-------------------+-----
Dodging        | 3 4 5 6 |  6.0
Ranged Weapons | 5 6 |  6.5
Fighting       | 2 |  2.0
Stealth        | |  1.5

Action                     |  1- 3 |  4- 6 || total
---------------------------+-------+-------++-------
   Fire: Shortbow          |    88 |   217 ||   305
    Use: Scroll            |     4 |     5 ||     9
         Potion            |     2 |     3 ||     5
 Armour: Robe              |    21 |    50 ||    71
  Dodge: Dodged            |    39 |   161 ||   200

Table legend:
 A = Non-vault XP
 B = Vault XP
 C = Vault XP percentage of total XP
 D = Non-vault monster count
 E = Vault monster count
 F = Vault count percentage of total count
                 A         B        C        D         E       F
            +---------+---------+-------+---------+---------+-------
      Total |     283 |     288 |  50.4 |      64 |      17 |  21.0
            +---------+---------+-------+---------+---------+-------
        D:1 |      39 |       1 |   2.5 |      23 |       1 |   4.2
        D:2 |     167 |       0 |   0.0 |      29 |       0 |   0.0
        D:3 |      16 |     247 |  93.9 |       8 |       3 |  27.3
        D:4 |      61 |      40 |  39.6 |       4 |      13 |  76.5
            +---------+---------+-------+---------+---------+-------
